 Dungeon Crawl Stone Soup version 0.20-a0-1034-gb277f92 (console) character file.

102249 nht the Martial Artist (level 16, -8/144 HPs)
             Began as a Gnoll Transmuter on Apr 20, 2017.
             Was a High Priest of Okawaru.
             Mangled by an Ice Fiend (14 damage)
             ... in an ice cave on Apr 21, 2017.
             The game lasted 01:13:04 (22988 turns).

nht the Martial Artist (Gnoll Transmuter)          Turns: 22988, Time: 01:13:04

Health: -8/144     AC: 10    Str: 10    XL:     16   Next: 32%
Magic:  21/29      EV: 19    Int: 19    God:    Okawaru [*****.]
Gold:   1371       SH:  0    Dex: 15    Spells: 2/33 levels left

rFire    x . .     SeeInvis .     - Unarmed
rCold    + + +     Gourm    .   (shield currently unavailable)
rNeg     . . .     Faith    .   (armour currently unavailable)
rPois    +         Spirit   .   (helmet currently unavailable)
rElec    .         Reflect  .   (cloak currently unavailable)
rCorr    .         Harm     .   (gloves currently unavailable)
MR       .....                  (boots currently unavailable)
Stlth    ++++++....             H - amulet of regeneration
Regen    0.8/turn               v - +3 ring of protection
MPRegen  0.3/turn               L - ring of protection from cold

@: ice-form, heroism, finesse
A: short attention span, strong nose
a: End Transformation, Heroism, Finesse, Renounce Religion


You were in an ice cave.
You worshipped Okawaru.
Okawaru was extremely pleased with you.
You were not hungry.
You were a creature of crystalline ice.
You visited 5 branches of the dungeon, and saw 24 of its levels.
You also visited: Ice Cave.

You collected 2225 gold pieces.
You spent 854 gold pieces at shops.

Inventory:

Hand Weapons
 o - a +0 demon trident of freezing
Missiles
 a - 38 tomahawks (quivered)
 g - 3 javelins of returning
 j - 5 silver tomahawks
 l - 3 poisoned tomahawks
 B - 27 javelins
 E - 7 exploding tomahawks
 R - 7 silver javelins
 X - 2 steel tomahawks
 Z - 5 throwing nets
Armour
 b - a +1 pair of gloves (melded)
 A - the +2 pair of boots of the Assassin (melded) {Detection Stab+ Stlth++}
   (Okawaru gifted it to you on level 12 of the Dungeon)

   It makes you much more stealthy.
 G - the +2 cloak of Leapfrog (melded) {rF+ Dex+2 Stlth+}
   (Okawaru gifted it to you on level 1 of the Lair of Beasts)

   It affects your dexterity (+2).
   It protects you from fire.
   It makes you more stealthy.
 K - a +0 troll leather armour (melded)
Jewellery
 q - the amulet of the Modern Lies {RegenMP *Drain +Fly rN++ SInv}
   (You found it on level 8 of the Dungeon)

   [amulet of magic regeneration]

   It increases your magic regeneration.
   It greatly protects you from negative energy.
   It lets you see invisible.
   It lets you fly.
   It causes draining when unequipped.
 v - a +3 ring of protection (left front paw)
 H - an amulet of regeneration (around neck)
 L - a ring of protection from cold (right front paw)
Wands
 c - a wand of disintegration (11/24)
 h - a wand of polymorph (12/24)
 m - a wand of polymorph (15/24)
 z - a wand of disintegration (19/24)
 P - a wand of scattershot (7/9)
 S - a wand of polymorph (13/24)
 T - a wand of paralysis (10/24)
 V - a wand of acid (9/15)
Scrolls
 f - 2 scrolls of teleportation
 n - 4 scrolls of recharging
 y - 3 scrolls of blinking
 C - 5 scrolls of remove curse
 D - 2 scrolls of enchant armour
 F - a scroll of fog
 I - 2 scrolls of enchant weapon
Potions
 e - 3 potions of curing
 i - 2 potions of heal wounds
 r - 2 potions of mutation
 s - a potion of cancellation
 t - a potion of ambrosia
 w - a potion of flight
 J - a potion of haste
 M - 4 potions of lignification
 Y - 4 potions of agility
Books
 p - a book of Necromancy

   Spells                             Type                      Level
   a - Pain                           Necromancy                   1
   b - Animate Skeleton               Necromancy                   1
   c - Vampiric Draining              Necromancy                   3
   d - Regeneration                   Charms/Necromancy            3
   e - Animate Dead                   Necromancy                   4
   f - Control Undead                 Necromancy                   4
 U - a book of Party Tricks

   Spells                             Type                      Level
   a - Summon Butterflies             Summoning                    1
   b - Apportation                    Translocation                1
   c - Lesser Beckoning               Translocation                3
   d - Tukima's Dance                 Hexes                        3
   e - Alistair's Intoxication        Transmutation/Poison         5
   f - Invisibility                   Hexes                        6
 W - the Reference Book on Dusty Enchantment
   (You found it on level 6 of the Lair of Beasts)

   Spells                             Type                      Level
   a - Passwall                       Transmutation/Earth          2
   b - Tukima's Dance                 Hexes                        3
   c - Summon Guardian Golem          Hexes/Summoning              3
   d - Lee's Rapid Deconstruction     Earth                        5
   e - Summon Mana Viper              Hexes/Summoning              5
   f - Metabolic Englaciation         Hexes/Ice                    5
   g - Discord                        Hexes                        8
Miscellaneous
 Q - a fan of gales
Comestibles
 d - 10 bread rations
 k - 8 meat rations
 u - 14 royal jellies


   Skills:
 - Level 9.0(14.0) Fighting
 + Level 9.8(14.8) Throwing
 - Level 8.0(13.0) Armour
 - Level 9.0(14.0) Dodging
 - Level 9.0(14.0) Stealth
 - Level 12.4(17.4) Unarmed Combat
 - Level 9.0 Spellcasting
 - Level 9.0 Conjurations
 - Level 10.2 Hexes
 - Level 9.0 Transmutations
 - Level 9.0 Fire Magic
 - Level 6.0 Ice Magic
 - Level 9.0 Invocations
 - Level 8.0 Evocations


You had 2 spell levels left.
You knew the following spells:

 Your Spells              Type           Power        Failure   Level  Hunger
a - Invisibility          Hex            #####...     19%         6    ######.
b - Spider Form           Tmut/Pois      ####......   3%          3    None
c - Blade Hands           Tmut           #####.....   5%          5    #####..
d - Ice Form              Ice/Tmut       #####...     3%          4    ###....
e - Fireball              Conj/Fire      #####.....   5%          5    #####..
f - Inner Flame           Hex/Fire       #####...     1%          3    None
g - Metabolic Englaciati  Hex/Ice        #####.....   8%          5    #####..


Dungeon Overview and Level Annotations

Branches:
Dungeon (13/15)            Temple (0/1) D:7            Lair (6/6) D:11
 Shoals (1/4) Lair:2       Spider (0/4) Lair:2        Slime (0/5) Lair:5
    Orc (2/2) D:12            Elf (2/3) Orc:2
 Vaults: D:13-14

Altars:
Cheibriados
Elyvilon
Gozag
Hepliaklqana
Okawaru
Qazlal
Ru
Wu Jian
Zin
The Shining One
Beogh

Shops:
D:6 (}}   D:11 (   Orc:2 *![(

Annotations:
D:8 1 runed door
D:10 fly
D:13 rupert, Rupert
Lair:5 rcorr


Innate Abilities, Weirdness & Mutations

You have a short attention span.
((You have very sharp teeth.))
Your uncanny sense of smell can sniff out nearby items.


Message History

The Ice Fiend freezes you! You resist.
* * * LOW HITPOINT WARNING * * *
Unknown command.
You can now deal lightning-fast blows.
The Ice Fiend calls on the powers of darkness!
Your body is wracked with pain!
* * * LOW HITPOINT WARNING * * *
You hit the Ice Fiend but do no damage.
The Ice Fiend is heavily wounded.
You hit the Ice Fiend but do no damage.
The Ice Fiend is heavily wounded.
The Ice Fiend calls on the powers of darkness!
Your body is wracked with pain!
* * * LOW HITPOINT WARNING * * *
You punch the Ice Fiend!
The Ice Fiend is heavily wounded.
You hit the Ice Fiend but do no damage.
The Ice Fiend is heavily wounded.
The Ice Fiend claws you!
You die...

█§█ ██.... ███§...§.
████§§.§§█
███..█§§§..█
██....§███§§█
██.....§§§.§1█
█.....§1██§§§§§.
██.....§Y██.§§≈.§
██.......█ .§§.§
██......████§.█
███......§§§██
███....§§§§§
██...§§§§█ ██
███...██████ ███.
██...███ ████...
██...███████████./....


You could see an Ice Fiend.

Vanquished Creatures
  An Ice Fiend (IceCv)
  Kirke (D:13)
  An orc warlord (Orc:2)
  2 angels (Elf:1)
  A deep elf annihilator (Elf:1)
  3 dire elephants (Lair:6)
  The ghost of Duffy the Severer, a journeyman DDBe of Trog (Lair:3)
  Josephine (Lair:4)
  A merfolk impaler (Shoals:1)
  A merfolk javelineer (Shoals:1)
  Harold (Lair:4)
  6 hydras
  An anaconda (Lair:6)
  A centaur warrior (D:13)
  3 two-headed ogres
  A merfolk avatar (Shoals:1)
  4 dancing weapons
  Urug (D:12)
  2 orc high priests (Orc:2)
  4 deep elf knights (Elf:1)
  2 hell knights (D:10)
  2 sea snakes (Shoals:1)
  A deep elf archer (Elf:1)
  18 harpies (Shoals:1)
  3 orc knights
  2 oklob plants (Lair:5)
  5 manticores
  9 fauns (Shoals:1)
  An orc sorcerer (Orc:1)
  11 deep elf magi
  A cyclops (D:12)
  16 elephants
  2 ice statues (IceCv)
  4 merfolk sirens (Shoals:1)
  2 centaur zombies
  2 water nymphs (Shoals:1)
  3 black mambas
  11 spiny frogs
  A gargoyle (D:13)
  4 komodo dragons
  4 rime drakes
  3 freezing wraiths (Elf:2)
  8 ice devils (IceCv)
  5 trolls
  3 meliai (D:13)
  3 hornets
  A polar bear (D:8)
  4 merfolk (Shoals:1)
  10 hippogriffs
  16 blink frogs
  4 snapping turtles
  5 dream sheep (Lair:6)
  A centaur simulacrum (D:13)
  2 air elementals (Elf:1)
  A shadow (D:13)
  45 yaks
  A basilisk (Lair:3)
  4 wyverns
  4 wraiths (Lair:4)
  A fire elemental (Elf:1)
  2 hungry ghosts
  A steam dragon (D:11)
  2 wargs
  2 soldier ants (D:8)
  7 water moccasins
  7 hell hounds (D:10)
  8 porcupines
  2 ice beasts
  40 orc warriors
  3 phantoms
  2 sky beasts
  A black bear (D:10)
  2 eyes of draining
  7 ogres
  14 wolves
  5 centaurs
  14 crocodiles
  10 bullfrogs
  An earth elemental (Elf:1)
  2 wyvern skeletons
  4 scorpions
  4 killer bees (D:10)
  3 vampire bats (Lair:2)
  8 wights
  A howler monkey (D:12)
  6 crimson imps
  2 centaur skeletons (D:11)
  4 jellies
  3 bullfrog zombies
  21 orc priests
  2 bullfrog skeletons
  4 hounds
  An iron imp (D:4)
  6 iguanas
  29 orc wizards
  2 worker ants
  A hound zombie (D:6)
  A killer bee simulacrum (D:8)
  8 adders
  A river rat (Lair:2)
  A hound simulacrum (D:8)
  2 shadow imps
  13 white imps
  7 ufetubi
  An adder skeleton (D:6)
  A worm (D:8)
  2 adder simulacra (D:8)
  4 leopard geckos
  89 orcs
  12 bats
  10 giant cockroaches
  10 goblins
  5 hobgoblins
  9 jackals
  4 quokkas
  A ball python (D:1)
  2 frilled lizards
  17 kobolds
  A leopard gecko skeleton (D:7)
  5 rats
  6 plants (Lair:6)
707 creatures vanquished.

Vanquished Creatures (others)
  A harpy (Shoals:1)
  2 humans (D:13)
  A centaur (D:13)
  A bullfrog simulacrum (D:13)
  3 white imps (IceCv)
  8 fungi
  11 plants
27 creatures vanquished.

Grand Total: 734 creatures vanquished

Notes
Turn   | Place    | Note
-------+----------+-------------------------------------------
     0 | D:1      | nht the Gnoll Transmuter began the quest for the Orb.
     0 | D:1      | Reached XP level 1. HP: 15/15 MP: 4/4
   343 | D:1      | Reached XP level 2. HP: 11/21 MP: 6/6
   505 | D:1      | Reached skill level 5 in Unarmed Combat
  1085 | D:1      | Reached XP level 3. HP: 25/26 MP: 5/7
  1193 | D:1      | Reached skill level 6 in Unarmed Combat
  1223 | D:1      | Learned a level 3 spell: Spider Form
  1513 | D:2      | Found a sacrificial altar of Ru.
  1526 | D:2      | Found an iron altar of Okawaru.
  1530 | D:2      | Found a glowing golden altar of the Shining One.
  1545 | D:2      | Became a worshipper of Warmaster Okawaru
  1589 | D:2      | Reached XP level 4. HP: 29/32 MP: 8/8
  2187 | D:3      | Found a white marble altar of Elyvilon.
  2364 | D:3      | Reached skill level 7 in Unarmed Combat
  2560 | D:4      | Reached XP level 5. HP: 8/37 MP: 9/9
  2564 | D:4      | Reached skill level 1 in Invocations
  3323 | D:4      | Found a snail-covered altar of Cheibriados.
  3548 | D:5      | Entered Level 5 of the Dungeon
  3632 | D:5      | Reached skill level 5 in Transmutations
  3641 | D:5      | Reached XP level 6. HP: 39/43 MP: 10/10
  3829 | D:5      | Found Ceog's Antique Armour Shoppe.
  4495 | D:6      | Found Geudghiyf's Gadget Shop.
  4496 | D:6      | Found Lafe Xixt's Weapon Shop.
  4540 | D:6      | Reached skill level 8 in Unarmed Combat
  4748 | D:6      | Found an opulent altar of Gozag.
  4779 | D:6      | Reached XP level 7. HP: 48/48 MP: 12/12
  4816 | D:6      | Reached * piety under Okawaru
  4816 | D:6      | Reached skill level 1 in Evocations
  4868 | D:6      | Noticed an air elemental
  4870 | D:6      | Found a stormy altar of Qazlal.
  4871 | D:6      | Noticed a fire elemental
  4871 | D:6      | Noticed a water elemental
  4929 | D:6      | Found Ythuef's Gadget Shoppe.
  5411 | D:6      | Reached skill level 1 in Armour
  5411 | D:6      | Reached XP level 8. HP: 28/56 MP: 5/14
  5787 | D:7      | Reached ** piety under Okawaru
  5850 | D:7      | Reached skill level 5 in Invocations
  5863 | D:7      | Reached skill level 9 in Unarmed Combat
  5866 | D:7      | Upgraded the game from 0.20-a0-1026-gc3ddcbd to 0.20-a0-1034-gb277f92
  5928 | D:7      | Found an ornate altar of the Wu Jian Council.
  5943 | D:7      | Found a staircase to the Ecumenical Temple.
  6012 | D:7      | Reached skill level 5 in Spellcasting
  6380 | D:8      | Got a smoking garnet amulet
  6382 | D:8      | Found a hazy altar of Hepliaklqana.
  6394 | D:8      | Identified the amulet of the Modern Lies {RegenMP *Drain +Fly rN++ SInv} (You found it on level 8 of the Dungeon)
  6463 | D:8      | Reached skill level 5 in Dodging
  6466 | D:8      | Reached XP level 9. HP: 60/65 MP: 12/17
  6525 | D:8      | Noticed a two-headed ogre
  6538 | D:8      | Killed a two-headed ogre
  6538 | D:8      | Reached *** piety under Okawaru
  6591 | D:8      | Noticed a polar bear
  6608 | D:8      | Killed a polar bear
  6608 | D:8      | Reached skill level 5 in Evocations
  6667 | D:8      | Found a glowing silver altar of Zin.
  6667 | D:8      | Found a runed door.
  6667 | D:8      | Noticed an angel
  6861 | D:8      | Reached skill level 5 in Fighting
  6915 | D:8      | Noticed a hornet
  6925 | D:8      | Killed a hornet
  6925 | D:8      | Reached **** piety under Okawaru
  7070 | D:8      | Reached XP level 10. HP: 55/74 MP: 20/20
  7077 | D:8      | Learned a level 5 spell: Blade Hands
  7155 | D:9      | Learned a level 4 spell: Ice Form
  7464 | D:9      | Reached skill level 5 in Armour
  7565 | D:10     | Entered Level 10 of the Dungeon
  7631 | D:10     | Reached ***** piety under Okawaru
  7855 | D:10     | Reached skill level 10 in Unarmed Combat
  8224 | D:10     | Received a gift from Okawaru
  8248 | D:10     | Noticed a hell knight
  8253 | D:10     | Killed a hell knight
  8253 | D:10     | Received a gift from Okawaru
  8253 | D:10     | Reached XP level 11. HP: 84/84 MP: 14/22
  8267 | D:10     | Noticed a hell knight
  8267 | D:10     | Noticed a hell knight
  8296 | D:10     | Noticed a hell knight
  8316 | D:10     | Killed a hell knight
  8322 | D:10     | Noticed a hell knight
  8322 | D:10     | Noticed a hell knight
  8322 | D:10     | Noticed a hell knight
  8323 | D:10     | jeez
  8768 | D:11     | Found a staircase to the Lair.
  8886 | D:11     | Paralysed by a hornet for 2 turns
  8903 | D:11     | HP: 4/86 [poisoned by a hornet]
  8909 | D:11     | HP: 4/86 [poisoned by a hornet]
  8917 | D:11     | HP: 4/86 [poisoned by a hornet]
  9303 | D:11     | Noticed a four-headed hydra
  9309 | D:11     | Killed a four-headed hydra
  9309 | D:11     | Received a gift from Okawaru
  9536 | D:11     | Reached ****** piety under Okawaru
  9579 | D:11     | Found Yninuc Quis's Weapon Shop.
  9839 | Lair:1   | Entered Level 1 of the Lair of Beasts
  9873 | Lair:1   | Noticed a six-headed hydra
  9880 | Lair:1   | Killed a six-headed hydra
  9935 | Lair:1   | Learned a level 4 spell: Sticky Flame
 10002 | Lair:1   | Received a gift from Okawaru
 10003 | Lair:1   | Got a shimmering cloak {god gift}
 10009 | Lair:1   | Identified the +2 cloak of Leapfrog {rF+ Dex+2 Stlth+} (Okawaru gifted it to you on level 1 of the Lair of Beasts)
 10137 | Lair:1   | Reached skill level 1 in Fire Magic
 10754 | Lair:2   | Reached skill level 1 in Conjurations
 10774 | Lair:2   | Reached XP level 12. HP: 94/94 MP: 17/24
 11036 | Lair:2   | Found a hole to the Spider Nest.
 11468 | Lair:2   | Found a staircase to the Shoals.
 11713 | Lair:2   | Reached skill level 5 in Conjurations
 11822 | Lair:3   | Noticed a seven-headed hydra
 11833 | Lair:3   | Killed a seven-headed hydra
 11833 | Lair:3   | Reached skill level 5 in Fire Magic
 11880 | Lair:3   | Noticed a six-headed hydra
 11904 | Lair:3   | Killed a six-headed hydra
 12009 | Lair:3   | Learned a level 5 spell: Fireball
 12013 | Lair:3   | Learned a level 3 spell: Inner Flame
 12077 | Lair:3   | Reached skill level 11 in Unarmed Combat
 12089 | Lair:3   | Reached skill level 1 in Ice Magic
 12090 | Lair:3   | Noticed Duffy's ghost (journeyman DDBe)
 12096 | Lair:3   | Received a gift from Okawaru
 12100 | Lair:3   | Reached skill level 1 in Hexes
 12134 | Lair:3   | Killed Duffy's ghost
 12134 | Lair:3   | Reached XP level 13. HP: 34/101 MP: 4/25
 12877 | Lair:4   | Noticed Harold
 12892 | Lair:4   | Killed Harold
 13046 | Lair:4   | Reached skill level 5 in Hexes
 13137 | Lair:4   | Noticed Josephine
 13147 | Lair:4   | Killed Josephine
 13529 | Lair:5   | Reached skill level 5 in Ice Magic
 13792 | Lair:5   | Received a gift from Okawaru
 13798 | Lair:5   | Got a distressingly furry scale mail {god gift}
 13831 | Lair:5   | Identified the +1 scale mail of Hihops {rN+ Regen+} (Okawaru gifted it to you on level 5 of the Lair of Beasts)
 14310 | Lair:6   | Entered Level 6 of the Lair of Beasts
 14673 | Lair:6   | Reached XP level 14. HP: 108/108 MP: 22/26
 15213 | Lair:6   | Identified a scroll of acquirement
 15286 | Lair:6   | Noticed a dire elephant
 15286 | Lair:6   | Noticed a dire elephant
 15295 | Lair:6   | Killed a dire elephant
 15304 | Lair:6   | HP: 1/129 [dire elephant (33)]
 15305 | Lair:6   | Killed a dire elephant
 15318 | Lair:6   | Identified the Reference Book on Dusty Enchantment
 15332 | Lair:6   | Learned a level 5 spell: Metabolic Englaciation
 15493 | Lair:6   | Noticed a dire elephant
 15505 | Lair:6   | Killed a dire elephant
 15765 | D:12     | Received a gift from Okawaru
 15779 | D:12     | Got an ebony great sword
 15780 | D:12     | Identified the +8 great sword "Trog's Wrath" {drain, +Fly Str+7} (You found it on level 12 of the Dungeon)
 15811 | D:12     | Noticed Urug
 15820 | D:12     | Reached skill level 1 in Stealth
 15848 | D:12     | Killed Urug
 16190 | D:12     | Found a staircase to the Orcish Mines.
 16302 | D:12     | Found a roughly hewn altar of Beogh.
 16558 | Orc:1    | Entered Level 1 of the Orcish Mines
 16700 | Orc:2    | Entered Level 2 of the Orcish Mines
 16768 | Orc:2    | Found a staircase to the Elven Halls.
 17460 | Orc:2    | Found a roughly hewn altar of Beogh.
 17468 | Orc:2    | Reached skill level 5 in Stealth
 17469 | Orc:2    | Found Seph's General Store.
 17490 | Orc:2    | Bought a potion of cancellation for 96 gold pieces
 17491 | Orc:2    | Bought a scroll of identify for 24 gold pieces
 17546 | Orc:2    | Found a roughly hewn altar of Beogh.
 17546 | Orc:2    | Found Imuqoiha's Distillery.
 17574 | Orc:2    | Bought a potion of heal wounds for 70 gold pieces
 17574 | Orc:2    | Bought a potion of lignification for 42 gold pieces
 17574 | Orc:2    | Bought a potion of lignification for 42 gold pieces
 17574 | Orc:2    | Bought a potion of agility for 56 gold pieces
 17574 | Orc:2    | Bought a potion of agility for 56 gold pieces
 17574 | Orc:2    | Bought a potion of lignification for 42 gold pieces
 17574 | Orc:2    | Bought a potion of brilliance for 56 gold pieces
 17574 | Orc:2    | Bought a potion of flight for 42 gold pieces
 17609 | Orc:2    | Found a roughly hewn altar of Beogh.
 17712 | Orc:2    | Found a roughly hewn altar of Beogh.
 17760 | Orc:2    | Noticed an orc warlord
 17795 | Orc:2    | Learned a level 6 spell: Invisibility
 18161 | Orc:2    | Found a roughly hewn altar of Beogh.
 18225 | Orc:2    | Found Weneniy's Antique Weapon Emporium.
 18228 | Orc:2    | Found a roughly hewn altar of Beogh.
 18230 | Orc:2    | Killed an orc warlord
 18231 | Orc:2    | Found Ucidujil's Antique Armour Shoppe.
 18278 | Orc:2    | Bought a glowing scarf for 328 gold pieces
 18748 | D:13     | Received a gift from Okawaru
 18748 | D:13     | Reached XP level 15. HP: 113/113 MP: 18/28
 18905 | D:13     | Noticed Kirke
 18924 | D:13     | Killed Kirke
 18931 | D:13     | Reached skill level 12 in Unarmed Combat
 18960 | D:13     | Noticed Rupert
 18963 | D:13     | Paralysed by Rupert for 6 turns
 19118 | Shoals:1 | Entered Level 1 of the Shoals
 19853 | Shoals:1 | Reached skill level 10 in Hexes
 20051 | Shoals:1 | Received a gift from Okawaru
 20795 | Lair:5   | Found a staircase to the Slime Pits.
 21411 | Elf:1    | Entered Level 1 of the Elven Halls
 21471 | Elf:1    | Noticed an angel
 21472 | Elf:1    | Found a glowing silver altar of Zin.
 21472 | Elf:1    | Found a ruined gateway.
 21472 | Elf:1    | Found a glowing golden altar of the Shining One.
 21531 | Elf:1    | Noticed an angel
 21534 | Elf:1    | Found a white marble altar of Elyvilon.
 21543 | Elf:1    | Killed an angel
 21559 | Elf:1    | Killed an angel
 21615 | Elf:1    | Reached skill level 5 in Throwing
 21929 | Elf:1    | Received a gift from Okawaru
 21933 | Elf:1    | HP: 5/113 [something (14)]
 21936 | Elf:1    | Reached XP level 16. HP: 43/120 MP: 17/29
 22016 | Elf:1    | Identified Vehumet's Almanac of Combat Magic
 22289 | Elf:1    | Received a gift from Okawaru
 22519 | Elf:2    | Received a gift from Okawaru
 22595 | Elf:2    | Found a frozen archway.
 22646 | IceCv    | Entered an ice cave
 22926 | IceCv    | Noticed an Ice Fiend
 22943 | IceCv    | Noticed an Ice Fiend
 22949 | IceCv    | Killed an Ice Fiend
 22986 | IceCv    | HP: 5/144 [??? (3)]
 22988 | IceCv    | Mangled by an Ice Fiend

Vault maps used:
D:1:      minmay_arrival_widening_spiral_wide
D:2:      grunt_temple_overflow_open, first_bread
D:3:      elyvilon_altar_4
D:4:      cheibrodos_old_hovel, chei_slow_surprise
D:5:      serial_shops, shop_fountains, serial_bayou_pond_b,
          hangedman_decor_slide_cut
D:6:      nicolae_qazlal_style_of_elements, grunt_gozag_statues, serial_shops,
          shop_coins, nicolae_shop_stone, nicolae_shop_window_shopping,
          hangedman_decor_riveting
D:7:      marbit_many_paths, temple_statues
D:8:      overflow_temple_1_default, serial_ice, serial_ice_o, serial_ice_i,
          serial_ice_d, serial_ice_n, serial_ice_a, serial_ice_m,
          hangedman_pestilent_swarm, lemuel_angel_altar
D:10:     minmay_rotating_lava
D:11:     erik_lair_dragon, serial_shops, shop
D:12:     minmay_orc_entry_temple_small, uniq_urug
D:13:     erik_vaults_2, serial_ice, serial_ice_g, serial_ice_k, serial_ice_e,
          serial_ice_h, uniq_frances, uniq_kirke, uniq_maurice, uniq_rupert
Lair:1:   wad_woods_03
Lair:2:   minmay_shoals_entry_hut, dummy_spider_entry,
          nicolae_quartered_pool_medium, roderic_batcave, grunt_megastairs_2
Lair:4:   uniq_harold, uniq_josephine
Lair:5:   minmay_slime_entry_oklob_enclosed
Lair:6:   due_jungle_book
Orc:2:    grunt_orc_community_town_hall, grunt_orc_community_big_house_2,
          grunt_orc_community_big_house_1, grunt_orc_community_house_2,
          grunt_orc_community_house_3, grunt_orc_community_house_3,
          grunt_orc_community_house_2, grunt_orc_community_house_2
Elf:1:    portal_desolation_entry_holy_temple, minmay_elf_annihilation,
          spider_trap
Elf:2:    portal_ice_cave_entry_frozen_things
IceCv:    ice_cave_small_demon

Skill      XL: |  1  2  3  4  5  6  7  8  9 10 11 12 13 14 15 16 |
---------------+-------------------------------------------------+-----
Unarmed Combat | 5 6 7 8 9 10 11 12 | 12.4
Transmutations | 4 5 6 7 8 9 |  9.0
Invocations    | 2 3 4 5 6 7 8 9 |  9.0
Evocations     | 2 4 5 6 8 |  8.0
Spellcasting   | 4 5 6 7 8 9 |  9.0
Fighting       | 2 3 5 7 8 9 |  9.0
Armour         | 1 2 4 6 7 8 |  8.0
Dodging        | 5 6 7 8 9 |  9.0
Fire Magic     | 1 6 8 9 |  9.0
Conjurations   | 1 7 8 9 |  9.0
Ice Magic      | 2 6 |  6.0
Hexes          | 2 7 9 10 | 10.2
Stealth        | 7 9 |  9.0
Throwing       | 7 9 |  9.8

Action                   |  1- 3 |  4- 6 |  7- 9 | 10-12 | 13-15 | 16-18 || total
-------------------------+-------+-------+-------+-------+-------+-------++-------
Melee: Unarmed           |   121 |   131 |   238 |   495 |  1144 |   119 ||  2248
       Bite              |     8 |     5 |    15 |    40 |   117 |    14 ||   199
       Kick              |     2 |       |       |       |       |       ||     2
       Headbutt          |     3 |    11 |     6 |       |       |       ||    20
       Punch             |     1 |     3 |     5 |    21 |    60 |     5 ||    95
Throw: Tomahawk          |       |       |       |       |       |     3 ||     3
 Cast: Beastly Appendage |    20 |    18 |     5 |       |       |       ||    43
       Spider Form       |       |     2 |    15 |     1 |       |       ||    18
       Blade Hands       |       |       |       |    32 |    82 |    11 ||   125
       Ice Form          |       |       |       |     5 |     8 |     2 ||    15
       Fireball          |       |       |       |     4 |    16 |     1 ||    21
       Sticky Flame      |       |       |       |     1 |       |       ||     1
       Invisibility      |       |       |       |       |    11 |     3 ||    14
Invok: Heroism           |       |       |     2 |     7 |    15 |     2 ||    26
       Finesse           |       |       |       |       |     2 |     2 ||     4
 Abil: End Transformatio |       |       |       |     1 |     1 |       ||     2
Evoke: Wand              |       |     2 |    16 |    34 |    14 |    18 ||    84
       Fan of gales      |       |       |       |       |     1 |       ||     1
  Use: Scroll            |       |    10 |     5 |     5 |    13 |     1 ||    34
       Potion            |       |       |     3 |     4 |     9 |     5 ||    21
 Stab: Sleeping          |       |     1 |     1 |     7 |    31 |     4 ||    44
       Confused          |       |     2 |     2 |       |       |       ||     4
       Invisible         |       |       |       |       |    36 |     3 ||    39
       Distracted        |       |       |       |       |     1 |       ||     1
  Eat: Chunk             |     2 |     9 |     9 |    21 |    58 |     3 ||   102
       Fruit             |       |     2 |       |     7 |     2 |     6 ||    17
       Meat ration       |       |       |       |       |     1 |     1 ||     2
Armor: Robe              |    40 |    26 |    28 |    57 |   100 |       ||   251
       Skin              |       |       |     9 |    27 |    10 |     1 ||    47
       Troll leather arm |       |       |       |       |   159 |    24 ||   183
Dodge: Dodged            |    89 |    88 |   160 |   307 |   912 |    67 ||  1623
